 Dungeon Crawl Stone Soup version 0.28-a0-793-g31680bbd8b (webtiles) character file.

Game seed: 11091967853400497349

86 ytrimaz the Skirmisher (level 4, 0/35 HPs)
             Began as a Demonspawn Fighter on Nov 4, 2021.
             Slain by an ogre (9 damage)
             ... on level 3 of the Dungeon.
             The game lasted 00:02:12 (2347 turns).

ytrimaz the Skirmisher (Demonspawn Fighter)         Turns: 2347, Time: 00:02:12

Health: 0/35       AC: 11    Str: 17    XL:     4   Next: 26%
Magic:  4/4        EV:  5    Int: 10    God:
Gold:   89         SH:  4    Dex: 12    Spells: 3/3 levels left

rFire   . . .      SeeInvis .   i - +0 short sword (venom)
rCold   . . .      Faith    .   c - +0 buckler
rNeg    . . .      Spirit   .   g - +0 plate armour
rPois   .          Reflect  .   (helmet restricted)
rElec   .          Harm     .   (no cloak)
rCorr   .          Rampage  .   (no gloves)
Will    .....                   (no boots)
Stlth   ..........              (no amulet)
HPRegen 0.11/turn               (no ring)
MPRegen 0.09/turn               (no ring)

@: no status effects
A: horns 1, weakness stinger 2
a: no special abilities


You were on level 3 of the Dungeon.
You visited 1 branch of the dungeon, and saw 3 of its levels.

You collected 89 gold pieces.

Inventory:

Hand Weapons
 a - a +0 rapier
 i - a +0 short sword of venom (weapon)
Missiles
 k - a throwing net (quivered)
Armour
 c - a +0 buckler (worn)
 g - a +0 plate armour (worn)
Jewellery
 h - an amulet of magic regeneration
Scrolls
 j - a scroll of teleportation {unknown}
Potions
 b - a potion of heal wounds {unknown}
 d - a potion of might
 e - a potion of curing
 f - a potion of lignification {unknown}


   Skills:
 + Level 3.3 Fighting
 * Level 3.0 Short Blades
 + Level 3.1 Armour
 * Level 1.0 Dodging
 + Level 3.0 Shields


You had 3 spell levels left.
You didn't know any spells.
Your spell library contained the following spells:

 Spells                   Type           Power      Damage    Failure   Level
 Dazzling Flash           Conj/Hex       0%         N/A       100%        3
 Iskenderun's Mystic Bla  Conj/Tloc      0%         2d3       100%        4
 Starburst                Conj/Fire      0%         6d3       100%        6
 Chain Lightning          Conj/Air       0%         N/A       100%        9
 Fire Storm               Conj/Fire      0%         5d1       100%        9
 Shatter                  Erth           0%         3d5*      100%        9


Dungeon Overview and Level Annotations

Branches:
Dungeon (3/15)

Altars:
Dithmenos

Shops:
D:3 (

Annotations:
D:2 1 runed translucent door, Crazy Yiuf


Innate Abilities, Weirdness & Mutations

You have a pair of small horns on your head.
You have a tail ending in a sharp stinger.


Message History

You see here a +0 leather armour.
A rat comes into view.
A rat is nearby!
A rat is nearby!
A rat is nearby!
A rat is nearby!
You block the rat's attack.
You hit the rat.
You kill the rat!
No target in view!
No target in view!
No target in view!
You now have 86 gold pieces (gained 13).
k - a throwing net You now have 89 gold pieces (gained 3).
Found 23 stones.
You see here 23 stones.
Found a glowing short sword.
You see here a +3 short sword.
You see here a +3 short sword.
You see here 23 stones.
Key pressed, stopping explore.
You see here a +0 robe.
An ogre comes into view. It is wielding a +0 giant spiked club.
The ogre shouts!
The ogre moves out of view.
No target in view!
An ogre is nearby!
An ogre is nearby!
An ogre is nearby!
An ogre is nearby!
The ogre hits you with a +0 giant spiked club!!
Ouch! That really hurt!
* * * LOW HITPOINT WARNING * * *
You hit the ogre.
The ogre is moderately wounded.
You barely miss the ogre.
The ogre is moderately wounded.
The ogre hits you with a +0 giant spiked club!
You die...

#.#)............#
######.....##.
#.#.#..#.######## #........
##......#.# .#######.......
....#...#.. ........#.#...
###...#.#### #......)#.#...
####.##.# ####.........#...
#....##.# ##
#..........###...
#.##.##.###...###.##[......#
###. ...#.#
......O@.##.......# #.
.....# ##...######.......#
#. ...### ## ####.##.# #.
#.## #.##.# ##. #<# ##.##.#
#.. #.# #######.....# #..
#.#####.# .........#######..
........# #######.## #.....
#.####### #.# #.....


You could see an ogre.

Vanquished Creatures
  Jessica (D:2)
  An adder (D:3)
  2 worms (D:2)
  A dart slug (D:1)
  An endoplasm (D:1)
  2 giant cockroaches
  3 goblins
  3 hobgoblins
  2 quokkas (D:1)
  4 ball pythons
  4 bats
  3 frilled lizards
  9 kobolds
  8 rats
44 creatures vanquished.

Vanquished Creatures (others)
  A fungus (D:2)
1 creature vanquished.

Grand Total: 45 creatures vanquished

Notes
Turn   | Place    | Note
-------+----------+-------------------------------------------
     0 | D:1      | ytrimaz the Demonspawn Fighter began the quest for the Orb.
     0 | D:1      | Reached XP level 1. HP: 18/18 MP: 1/1
   228 | D:1      | Discovered your monstrous ancestry.
   228 | D:1      | Gained mutation: You have a small tail. [demonic ancestry]
   228 | D:1      | Reached XP level 2. HP: 24/24 MP: 2/2
   708 | D:2      | Noticed Jessica
   720 | D:2      | Killed Jessica
   721 | D:2      | Gained mutation: You have a pair of small horns on your
                  | head. [demonic ancestry]
   721 | D:2      | Reached XP level 3. HP: 13/29 MP: 3/3
  1339 | D:2      | Found a runed translucent door.
  1340 | D:2      | Noticed Crazy Yiuf
  1401 | D:2      | Gained mutation: You have a tail ending in a sharp stinger.
                  | [demonic ancestry]
  1401 | D:2      | Reached XP level 4. HP: 35/35 MP: 4/4
  1885 | D:3      | Found a shadowy altar of Dithmenos.
  1981 | D:3      | Found Daon's Weapon Boutique.
  2073 | D:3      | Reached skill level 1 in Dodging
  2343 | D:3      | Noticed an ogre
  2347 | D:3      | Slain by an ogre

Illustrated notes

Levels and vault maps discovered:
D:1:      dpeg_arrival_radiant, layout_rooms
D:2:      layout_basic, uniq_crazy_yiuf_cottage, uniq_jessica
D:3:      layout_loops_ring, grunt_dithmenos_smoke_and_mirrors, serial_shops,
          shop, shapermc_ecumenical_altar_hornbeckon

Skill      XL: |  1  2  3  4 |
---------------+-------------+-----
Short Blades   | 2 3 |  3.0
Armour         | 3 |  3.1
Shields        | 3 |  3.0
Dodging        | 1 |  1.0
Fighting       | |  3.3

Action                   |  1- 3 |  4- 6 || total
-------------------------+-------+-------++-------
Melee: Rapier            |    91 |     4 ||    95
       Tailslap          |     5 |     3 ||     8
       Headbutt          |     1 |     5 ||     6
       Short sword       |       |    21 ||    21
  Use: Scroll            |     1 |     1 ||     2
Armor: Scale mail        |    41 |       ||    41
       Plate armour      |    23 |    16 ||    39
Dodge: Dodged            |    48 |     3 ||    51
Block: Buckler           |    28 |     5 ||    33

Table legend: (Time is in decaauts)
 A = Elapsed time spent in this place.
 B = Non-inter-level travel time spent in this place.
 C = Inter-level travel time spent in this place.
 D = Time resting spent in this place.
 E = Time spent auto-exploring this place.
 F = Levels seen in this place.
 G = Mean time per level.
                   A        B        C        D        E       F      G
               +--------+--------+--------+--------+--------+-----+--------+
         Total |   2356 |   2260 |     96 |    172 |   1751 |   3 |  785.3 |
       Dungeon |   2356 |   2260 |     96 |    172 |   1751 |   3 |  785.3 |
               +--------+--------+--------+--------+--------+-----+--------+

Top non-repeatable levels by time:
     D:2: 1136 daAuts
     D:1: 715 daAuts
     D:3: 504 daAuts
